 Seeded DCSS version 0.32-a0-422-g28b100f618 (webtiles) character file.

Game seed: 6489974033064956172 (custom seed)

153 shadowstone the Caller (level 5, -3/40 HPs)
             Began as a Mountain Dwarf Summoner on Feb 21, 2024.
             Slain by a water moccasin (4 damage)
             ... on level 3 of the Dungeon.
             The game lasted 00:10:24 (4171 turns).

shadowstone the Caller (Mountain Dwarf Summoner)    Turns: 4171, Time: 00:10:24

Health: -3/40      AC:  8    Str: 17    XL:     5   Next: 12%
Magic:  0/7        EV: 11    Int: 17    God:
Gold:   256        SH:  0    Dex: 10    Spells: 2/8 levels left

rFire   . . .        j - +1 short sword (speed)
rCold   . . .        (no shield)
rNeg    . . .        g - +3 ring mail {rPois}
rPois   +            (no helmet)
rElec   .            (no cloak)
rCorr   .            (no gloves)
SInv    .            (no boots)
Will    .....        m - amulet of guardian spirit
Stlth   +            e - +6 ring of strength
HPRegen 0.00/turn    (no ring)
MPRegen 0.10/turn

%: guardian spirit
@: lethally poisoned (-3 -> -14), inhibited regen, inugami summoned
A: runic magic, artefact enchanting, low MP 1, inhibited regeneration,
persistent drain
a: no special abilities


You were on level 3 of the Dungeon.
You visited 1 branch of the dungeon, and saw 3 of its levels.

You collected 256 gold pieces.

Inventory:

Hand Weapons
 j - a +1 short sword of speed (weapon)
Armour
 a - a +0 robe
 g - a +3 ring mail of poison resistance (worn)
Jewellery
 e - a +6 ring of strength (left hand)
 m - an amulet of guardian spirit (around neck)
Scrolls
 f - a scroll of immolation
 i - a scroll of noise
 n - 2 scrolls of identify
 o - 2 scrolls of enchant weapon {unknown}
Potions
 b - a potion of magic
 c - 2 potions of brilliance {unknown}
 d - 2 potions of curing {unknown}
 h - 3 potions of heal wounds {unknown}
 l - a potion of enlightenment {unknown}


   Skills:
 + Level 1.2 Fighting
 + Level 1.1 Short Blades
 + Level 1.6 Armour
 + Level 1.7 Dodging
 + Level 1.5 Stealth
 + Level 0.6 Unarmed Combat
 + Level 2.4 Spellcasting
 + Level 4.9 Summonings


You had 2 spell levels left.
You knew the following spells:

 Your Spells              Type           Power      Damage    Failure   Level
a - Summon Small Mammal   Summ           72%        N/A       2%          1
b - Call Imp              Summ           36%        N/A       4%          2
c - Call Canine Familiar  Summ           18%        N/A       9%          3

Your spell library contained the following spells:

 Spells                   Type           Power      Damage    Failure   Level
 Cigotuvi's Dreadful Rot  Necr/Alch/Air  4%         N/A       32%         2
 Ensorcelled Hibernation  Hex/Ice        4%         N/A       32%         2
 Passwall                 Erth           2%         N/A       54%         3
 Swiftness                Air            2%         N/A       54%         3
 Martyr's Knell           Necr/Summ      10%        N/A       61%         4
 Summon Blazeheart Golem  Fire/Summ      10%        N/A       61%         4
 Summon Lightning Spire   Summ/Air       10%        N/A       61%         4
 Dispel Undead            Necr           2%         3d7       91%         4
 Death Channel            Necr           1%         N/A       100%        6


Dungeon Overview and Level Annotations

Branches:
Dungeon (3/15)

Altars:


Innate Abilities, Weirdness & Mutations

Your spellcasting is much less encumbered by armour.
You can use scrolls of enchantment on lesser artefacts.
Your magical capacity is low. (-10% MP)
You do not regenerate when monsters are visible.
Your health recovers twice as slowly from being drained.


Message History

A water moccasin comes into view.
There is an open door here.
A hobgoblin comes into view.
The hobgoblin shouts!
You hear a shout!
An orc comes into view. It is wielding a +0 mace.
The hound bites you but does no damage.
The hobgoblin moves out of view.
The hound barely misses you. The hound bites you but does no damage.
Your inugami hits the hound. The water moccasin bites you.
The hound barely misses you.
You open the door. The water moccasin bites you.
Your inugami closely misses the hound.
The hound bites you. The adder misses you.
The water moccasin barely misses you.
You miss the water moccasin. The hound barely misses you.
The adder bites you but does no damage.
Your inugami misses the hound. You barely miss the water moccasin.
The water moccasin bites you but does no damage.
The hound bites you. The adder misses you.
Your inugami barely misses the hound.
You hit the water moccasin but do no damage.
The water moccasin bites you but does no damage.
The hound bites you. The adder bites you but does no damage.
You miss the water moccasin. The hound bites you. The water moccasin bites you.
* * * LOW HITPOINT WARNING * * *
Your inugami misses the hound.
A bat comes into view.
The adder barely misses you.
You hit the hobgoblin but do no damage. The hound barely misses you.
The water moccasin bites you.
* * * LOW HITPOINT WARNING * * *
You are lethally poisoned!
The water moccasin poisons you!
Your inugami closely misses the hound.
You barely miss the hobgoblin.
* * * LOW HITPOINT WARNING * * *
You feel very sick. The adder barely misses you.
The hound bites you but does no damage. The water moccasin barely misses you.
The hobgoblin barely misses you.
* * * LOW HITPOINT WARNING * * *
You feel sick. The adder bites you but does no damage.
The water moccasin bites you.
You die...

#.ß..ß..ß.#..###........
#....))...#..........###
##+##'##+##.............
#..#..# #.............
###.##...##.............
#..#.##...#..#..........
##.#..##..#..+..........
##'##'##+#.##..........
##hgh@..#.###....#####
#obSS..#.###....#...#
#......#..##.........
..###...##.##.........
#... #...##.##.........
#... #...##..#.........
#... .####..........#..
#... . #..........#..
#.......####..


You could see a water moccasin, a hound (ally target), an adder, an orc, a
hobgoblin, a bat and a friendly inugami (summoned).

Vanquished Creatures
  2 gnolls (D:2)
  5 adders
  2 dart slugs
  2 ball pythons (D:2)
  A goblin (D:3)
  3 hobgoblins
  3 kobolds
  A quokka (D:1)
  4 bats
  A frilled lizard (D:2)
24 creatures vanquished.

Vanquished Creatures (collateral kills)
  A dart slug (D:2)
  An orc (D:3)
  A ball python (D:3)
  3 endoplasms
  A giant cockroach (D:2)
  A goblin (D:3)
  5 hobgoblins
  A quokka (D:2)
  A bat (D:2)
  4 frilled lizards
  3 kobolds
  3 rats
25 creatures vanquished.

Grand Total: 49 creatures vanquished

Notes
Turn   | Place    | Note
-------+----------+-------------------------------------------
     0 | D:1      | shadowstone the Mountain Dwarf Summoner began the quest for
                  | the Orb.
     0 | D:1      | Reached XP level 1. HP: 14/14 MP: 3/3
   274 | D:1      | Reached XP level 2. HP: 16/20 MP: 0/4
   602 | D:1      | Gained mutation: You do not regenerate when monsters are
                  | visible. [potion of mutation]
   602 | D:1      | Gained mutation: You have hidden genetic defects. [potion
                  | of mutation]
  1180 | D:1      | Gained mutation: Your health recovers twice as slowly from
                  | being drained. [hidden defects]
  1498 | D:2      | Reached XP level 3. HP: 23/26 MP: 4/6
  1532 | D:2      | Gained mutation: Your magical capacity is low. (-10% MP)
                  | [hidden defects]
  1532 | D:2      | Lost mutation: You have hidden genetic defects. [hidden
                  | defects expressed]
  1637 | D:2      | Reached skill level 1 in Armour
  2060 | D:2      | Learned a level 2 spell: Call Imp
  2314 | D:2      | Reached XP level 4. HP: 26/34 MP: 1/6
  2326 | D:2      | HP: 1/34 [kobold/+0 short sword (2)]
  3181 | D:3      | Learned a level 3 spell: Call Canine Familiar
  3515 | D:3      | Reached skill level 1 in Short Blades
  4143 | D:3      | Reached skill level 1 in Fighting
  4143 | D:3      | Reached XP level 5. HP: 34/40 MP: 3/7
  4160 | D:3      | Noticed a water moccasin
  4171 | D:3      | HP: 1/40 [poisoned by a water moccasin]
  4171 | D:3      | Slain by a water moccasin

Illustrated notes

Levels and vault maps discovered:
D:1:      dpeg_arrival_ternary, layout_rooms
D:2:      layout_loops_ring, minmay_cut_off
D:3:      minmay_chambers_of_threes, layout_basic,
          mainiacjoe_overflow_cross_hatched

Skill      XL: |  1  2  3  4 |
---------------+-------------+-----
Spellcasting   | 2 |  2.4
Armour         | 1 |  1.6
Short Blades   | 1 |  1.1
Fighting       | 1 |  1.2
Dodging        | |  1.7
Stealth        | |  1.5
Unarmed Combat | |  0.6
Summonings     | |  4.9

Action                     |  1- 3 |  4- 6 || total
---------------------------+-------+-------++-------
  Melee: Unarmed           |    36 |       ||    36
         Punch             |     1 |       ||     1
         Short sword       |    34 |    63 ||    97
   Cast: Summon Small Mamm |    15 |       ||    15
         Call Imp          |     5 |    17 ||    22
         Call Canine Famil |       |     4 ||     4
    Use: Potion            |     1 |       ||     1
         Scroll            |     3 |     1 ||     4
   Stab: Distracted        |     2 |     1 ||     3
 Armour: Ring mail         |    90 |    73 ||   163
         Robe              |     1 |       ||     1
  Dodge: Dodged            |    68 |    57 ||   125

Table legend: (Time is in decaauts)
 A = Elapsed time spent in this place.
 B = Non-inter-level travel time spent in this place.
 C = Inter-level travel time spent in this place.
 D = Time resting spent in this place.
 E = Time spent auto-exploring this place.
 F = Levels seen in this place.
 G = Mean time per level.
                   A        B        C        D        E       F      G
               +--------+--------+--------+--------+--------+-----+--------+
         Total |   4135 |   4117 |     18 |   2113 |    888 |   3 | 1378.3 |
       Dungeon |   4135 |   4117 |     18 |   2113 |    888 |   3 | 1378.3 |
               +--------+--------+--------+--------+--------+-----+--------+

Top non-repeatable levels by time:
     D:2: 1562 daAuts
     D:1: 1423 daAuts
     D:3: 1149 daAuts
